 Dungeon Crawl Stone Soup version 0.21.1-1-g345015f (webtiles) character file.

805 wojtek the Cleaver (level 7, -18/60 HPs)
             Began as a Minotaur Fighter on July 11, 2018.
             Demolished by an ogre
             ... wielding a +0 giant club
              (23 damage)
             ... on level 5 of the Dungeon.
             The game lasted 00:05:52 (4594 turns).

wojtek the Cleaver (Minotaur Fighter)               Turns: 4594, Time: 00:05:53

Health: -18/60     AC:  8    Str: 22    XL:     7   Next: 60%
Magic:  6/6        EV:  8    Int:  5    God:
Gold:   218        SH: 10    Dex: 10    Spells: 6/6 levels left

rFire    . . .     SeeInvis .   a - +0 war axe
rCold    . . .     Gourm    .   c - +0 shield
rNeg     . . .     Faith    .   b - +0 scale mail
rPois    .         Spirit   .   (helmet restricted)
rElec    .         Reflect  .   q - +0 cloak
rCorr    .         Harm     .   (no gloves)
MR       .....                  (no boots)
Stlth    ..........             (no amulet)
HPRegen  0.20/turn              (no ring)
MPRegen  0.10/turn              (no ring)

@: no status effects
A: retaliatory headbutt, horns 2
a: no special abilities


You were on level 5 of the Dungeon.
You were not hungry.

You visited 1 branch of the dungeon, and saw 5 of its levels.

You collected 218 gold pieces.

Inventory:

Hand Weapons
 a - a +0 war axe (weapon)
 s - a +2 antimagic hand axe
Armour
 b - a +0 scale mail (worn)
 c - a +0 shield (worn)
 q - a +0 cloak (worn)
Wands
 p - a wand of acid (4)
Scrolls
 h - 3 scrolls of magic mapping {unknown}
 i - a scroll of noise {unknown}
 j - a scroll of amnesia {unknown}
 k - 4 scrolls of identify {unknown}
 l - 3 scrolls of teleportation {unknown}
 n - 2 scrolls of enchant weapon {unknown}
Potions
 d - 2 potions of might
 e - 5 potions of curing
 g - a potion of berserk rage {unknown}
 o - a potion of heal wounds {unknown}
 r - 2 potions of magic {unknown}
 t - a potion of ambrosia {unknown}
Books
 m - a book of Misfortune

   Spells                             Type                      Level
   a - Confusing Touch                Hexes                        1
   b - Confuse                        Hexes                        3
   c - Gell's Gravitas                Translocation                3
   d - Petrify                        Transmutation/Earth          4
   e - Metabolic Englaciation         Hexes/Ice                    5
   f - Yara's Violent Unravelling     Hexes/Transmutation          5
Comestibles
 f - 9 rations


   Skills:
 + Level 4.7 Fighting
 + Level 8.5 Axes
 + Level 4.7 Armour
 + Level 2.5 Dodging
 + Level 4.7 Shields


You had 6 spell levels left.
You didn't know any spells.

Dungeon Overview and Level Annotations

Branches:
Dungeon (5/15)
 Temple: D:4-7

Altars:
Kikubaaqudgha

Annotations:
D:3 Sigmund


Innate Abilities, Weirdness & Mutations

You reflexively headbutt those who attack you in melee.
You have a pair of horns on your head.


Message History

The ogre hits you with a giant club!
* * * LOW HITPOINT WARNING * * *
You barely miss the ogre.
The ogre is moderately wounded.
You block the ogre's attack.
You slash the ogre!
The ogre is severely wounded.
The ogre hits you with a giant club!
* * * LOW HITPOINT WARNING * * *
You hit the ogre.
The ogre is almost dead.
The ogre barely misses you. You furiously retaliate!
You headbutt the ogre. You hit the ogre but do no damage.
The ogre is almost dead.
The ogre hits you with a giant club!
* * * LOW HITPOINT WARNING * * *
You barely miss the ogre.
The ogre is almost dead.
The ogre hits you with a giant club!!
You die...

###..##.###..# #.####.##. ##.##.#
#..# #......... #..#.# #..#
#......... ##.#.# #..# #.........
#...# #..# #......... . ##..#
#..# #......... . #.># #..#
####### #.........
.##########..###.....###.........
................@O...............
....#.#......##..................
....#...._...##......#...........
....#........##......#..#####.###
....#.#......##......#........#
.............##......##.#####.#
....#.#####..##......##.......#
....#.#####..##......##.#####.#
.........##..##......##.# #.#


You could see an ogre.

Vanquished Creatures
  The ghost of dscm the Digger, an amateur OpEE (D:5)
  An ice beast (D:5)
  The ghost of dscm the Grave Robber, an amateur DsNe (D:4)
  A howler monkey (D:4)
  A crimson imp (D:5)
  A centaur zombie (D:5)
  An orc priest (D:4)
  A centaur skeleton (D:2)
  Jessica (D:2)
  Natasha (thrice) (D:2)
  2 worker ants
  A worker ant zombie (D:5)
  9 adders
  An adder skeleton (D:5)
  3 worms
  A dart slug (D:2)
  2 leopard geckos
  12 orcs
  3 ball pythons
  3 giant cockroaches
  8 goblins
  8 hobgoblins
  11 jackals
  3 quokkas
  11 bats
  6 frilled lizards
  7 kobolds
  7 rats
110 creatures vanquished.

Notes
Turn   | Place    | Note
-------+----------+-------------------------------------------
     0 | D:1      | wojtek the Minotaur Fighter began the quest for the Orb.
     0 | D:1      | Reached XP level 1. HP: 19/19 MP: 0/0
    89 | D:1      | Reached skill level 3 in Axes
   111 | D:1      | Reached XP level 2. HP: 19/26 MP: 1/1
   475 | D:1      | Reached skill level 4 in Axes
   924 | D:2      | Reached XP level 3. HP: 29/31 MP: 2/2
   927 | D:2      | Reached skill level 5 in Axes
   999 | D:2      | Reached XP level 4. HP: 26/39 MP: 3/3
  1302 | D:2      | Noticed Natasha
  1313 | D:2      | Killed Natasha
  1313 | D:2      | Reached skill level 6 in Axes
  1514 | D:2      | Noticed Jessica
  1515 | D:2      | Noticed Natasha
  1525 | D:2      | Killed Natasha
  1525 | D:2      | Reached XP level 5. HP: 10/45 MP: 4/4
  1528 | D:2      | Killed Jessica
  1814 | D:2      | Noticed Natasha
  1819 | D:2      | Killed Natasha
  1819 | D:2      | Reached skill level 7 in Axes
  2177 | D:3      | Noticed Sigmund
  2659 | D:3      | Reached XP level 6. HP: 51/51 MP: 5/5
  2966 | D:4      | Noticed dscm's ghost (amateur DsNe)
  2999 | D:4      | HP: 2/52 [dscm's ghost/vampiric draining (7)]
  3001 | D:4      | Killed dscm's ghost
  3001 | D:4      | Reached skill level 8 in Axes
  3001 | D:4      | Reached skill level 1 in Dodging
  3949 | D:5      | Entered Level 5 of the Dungeon
  3990 | D:5      | Found an ancient bone altar of Kikubaaqudgha.
  4023 | D:5      | Reached XP level 7. HP: 59/59 MP: 6/6
  4081 | D:5      | Noticed dscm's ghost (amateur OpEE)
  4127 | D:5      | Killed dscm's ghost
  4594 | D:5      | Demolished by an ogre

Skill      XL: |  1  2  3  4  5  6  7 |
---------------+----------------------+-----
Axes           | 3 4 5 6 7 8 |  8.5
Fighting       | 4 |  4.7
Armour         | 4 |  4.7
Dodging        | 1 2 |  2.5
Shields        | 4 |  4.7

Action                   |  1- 3 |  4- 6 |  7- 9 || total
-------------------------+-------+-------+-------++-------
Melee: War axe           |    77 |   191 |    64 ||   332
       Headbutt          |     8 |    19 |     6 ||    33
  Eat: Chunk             |       |    10 |       ||    10
       Ration            |       |       |     1 ||     1
Armor: Scale mail        |    31 |    90 |    21 ||   142
Dodge: Dodged            |    22 |    49 |     8 ||    79
Block: Shield            |    37 |   104 |    26 ||   167
